 Dungeon Crawl Stone Soup version 0.28.0-1-gb440e238dd (webtiles) character file.

Game seed: 514272427794293807

6386 unlimited1921 the Thaumaturge (level 11, -2/79 HPs)
             Began as a Djinni Fire Elementalist on Feb 28, 2022.
             Was an Initiate of Gozag.
             Killed themself with a badly aimed iceblast (14 damage)
             ... on level 8 of the Dungeon.
             The game lasted 01:08:49 (18656 turns).

unlimited1921 the Thaumaturge (DjFE)               Turns: 18656, Time: 01:08:51

Health: -2/79      AC:  4    Str:  7    XL:     11   Next: 17%
Gold:   781        EV: 12    Int: 22    God:    Gozag SH:  0 Dex: 17

rFire   + + .      SeeInvis .   W - +4 war axe (freeze)
rCold   x . .      Faith    .   (no shield)
rNeg    . . .      Spirit   .   x - +0 leather armour "Trusted Companion" {rElec Dex+4}
rPois   ∞          Reflect  .   (no helmet)
rElec   +          Harm     .   (no cloak)
rCorr   .          Rampage  .   q - +0 pair of gloves
Will    +....                   (boots unavailable)
Stlth   +++.......              (no amulet)
HPRegen 0.23/turn               (no ring)
MPRegen 0.00/turn               (no ring)

@: flying
A: sickness immunity, fire resistance 2, cold vulnerability 1, float, innate
caster, HP casting, extra vitality 1
a: Renounce Religion, Potion Petition, Call Merchant, Bribe Branch


You were on level 8 of the Dungeon.
You worshipped Gozag.
Gozag was pleased with you.
You visited 2 branches of the dungeon, and saw 10 of its levels.

You collected 833 gold pieces.
You paid 52 gold pieces to Gozag.

Inventory:

Hand Weapons
 g - a +3 whip of venom
 B - a +3 falchion
 M - a +1 falchion of holy wrath
 N - a +2 short sword of draining
 O - a +0 war axe
 R - a +4 long sword of freezing
 T - a +1 whip of flaming
 W - a +4 war axe of freezing (weapon)
Missiles
 d - 326 stones
 f - 2 atropa-tipped darts
 j - 59 sling bullets
 n - 4 javelins
 o - 5 poisoned darts
 v - 55 bolts
 w - 4 boomerangs
 y - a throwing net
 Q - 5 curare-tipped darts
 V - 5 silver javelins
Armour
 q - a +0 pair of gloves (worn)
 x - the +0 leather armour "Trusted Companion" (worn) {rElec Dex+4}
   (You found it on level 3 of the Dungeon)

   Dex:       It affects your dexterity (+4).
   rElec:     It insulates you from electricity.
 D - +0 steam dragon scales
 S - a +2 robe of cold resistance
Jewellery
 C - a ring of ice
Wands
 a - a wand of polymorph (16)
 u - a wand of charming (20)
 Y - a wand of iceblast (9) (quivered)
Scrolls
 c - a scroll of brand weapon {unknown}
 h - 2 scrolls of teleportation
 i - a scroll of holy word {unknown}
 l - a scroll of summoning {unknown}
 p - a scroll of immolation {unknown}
 r - a scroll of acquirement {unknown}
 t - 4 scrolls of amnesia {unknown}
 z - a scroll of fear {unknown}
 A - a scroll of enchant weapon {unknown}
 E - a scroll of noise {unknown}
 F - 2 scrolls of vulnerability {unknown}
 I - a scroll of fog {unknown}
 L - a scroll of magic mapping {unknown}
 X - a scroll of silence
Potions
 b - 3 potions of curing {unknown}
 e - 3 potions of brilliance
 k - a potion of berserk rage
 s - a potion of degeneration {unknown}
 G - 2 potions of heal wounds {unknown}
 H - a potion of invisibility
 J - 4 potions of haste {unknown}
 K - 5 potions of flight {unknown}
 P - a potion of ambrosia {unknown}
 U - a potion of lignification


   Skills:
 * Level 7.1 Fighting
 * Level 2.9 Axes
 + Level 0.5 Throwing
 + Level 4.2 Armour
 + Level 2.7 Dodging
 + Level 4.0 Stealth
 + Level 10.0 Spellcasting


You had 4 spell levels left.
You knew the following spells:

 Your Spells              Type           Power      Damage    Failure   Level
a - Foxfire               Conj/Fire      100%       2x1d9     1%          1
b - Scorch                Fire           100%       2d10      1%          2
c - Conjure Flame         Conj/Fire      53%        6-21      1%          3
d - Inner Flame           Hex/Fire       53%        N/A       1%          3
e - Flame Wave            Conj/Fire      53%        2d11      1%          4
f - Sandblast             Erth           100%       2d20      1%          1
g - Blink                 Tloc           100%       N/A       1%          2
h - Swiftness             Air            53%        N/A       1%          3
i - Portal Projectile     Hex/Tloc       100%       N/A       1%          3
j - Cause Fear            Hex            26%        N/A       1%          4
Your spell library was empty.

Dungeon Overview and Level Annotations

Branches:
Dungeon (9/15)             Temple (1/1) D:5
   Lair: D:8-11         Orc: D:9-12

Altars:
Dithmenos
Fedhas
Gozag
Hepliaklqana
Okawaru
Qazlal
Ru
Sif Muna
Trog
Uskayaw
Wu Jian

Shops:
D:3 =   D:8 (

Annotations:
D:7 2 transporters, JumboJumbo's ghost, novice MiFi
D:8 exclusion: orange crystal statue


Innate Abilities, Weirdness & Mutations

You are immune to sickness and miasma.
You are immune to poison.
Your flesh is very heat resistant. (rF++)
You are vulnerable to cold. (rC-)
You float through the air rather than walking.
You learn spells naturally, not from books.
Your magical power is your life essence.
You have superior vitality. (+4 MHP)


Message History

The orange crystal statue fixes its piercing gaze on you.
Something tries to feed on your intellect!
Casting: Foxfire (safe; 1% risk of failure)
Confirm with . or Enter, or press ? or * to list all spells.
You conjure some foxfire!
The foxfire hits the wight.
The wight is lightly damaged.
The foxfire hits something but does no damage.
The foxfire hits something.
The centaur shoots an arrow.
The foxfire hits something.
The orange crystal statue glitters.
You are confused.
Something hits you!
Deactivating autopickup; reactivate with Ctrl-A.
You're too confused to cast spells.
Unknown command.
You're too confused to cast spells.
Unknown command.
You're too confused to cast spells.
The foxfire hits something.
Something hits you.
The centaur shoots an arrow.
Something barely misses you. Something hits you! Something hits you!
Something hits you.
The centaur shoots an arrow.
Something hits you.
You feel less confused. Something hits you.
Casting: Foxfire (safe; 1% risk of failure)
Confirm with . or Enter, or press ? or * to list all spells.
The fire begins to smoulder!
Something hits you. x2
Something hits you.
* * * LOW HITPOINT WARNING * * *
Something smothers the flame.
Something hits you!
* * * LOW HITPOINT WARNING * * *
Aiming: Iceblast
Press: ? - help, Q - select action, (/) - cycle Shift-Dir - straight line, f - centaur
Aim: a centaur, wielding a +0 shortbow and quivering arrows (summoned)
The mass of ice explodes!
The iceblast engulfs something!
Reactivating autopickup.
The iceblast engulfs you!
You feel a painful chill!
You die...
Your body crumbles into a pile of gold.

##########
#######.#
#.......#
#.#######
#.#...#
#.#.#.##########
#.#............#
#.#
#.###<########.#
#.# #.# ### #.#
#.####.#@# #.#
#....#.#.# #.#
$#.#....#.# #.#
##....###.# #.#
##.c.....c.# #.#
##....z######
#.# ##......#
#.# #....z..#
#.# #...z.#..#
#.#


You could see a centaur (summoned).

Vanquished Creatures
  Pikel (D:7)
  2 ugly things (D:8)
  Grinder (D:4)
  Prince Ribbit (D:7)
  11 yaks
  The ghost of fknight the Chopper, an amateur HOMo (D:3)
  A steam dragon (D:9)
  2 water moccasins
  A sky beast (D:6)
  An orc warrior (D:8)
  An ice beast (D:7)
  3 necrophages
  A centaur (D:8)
  An ogre (D:6)
  3 lemures (D:7)
  6 bullfrogs
  A scorpion (D:7)
  A gnoll sergeant (D:6)
  5 killer bees (D:8)
  9 wights (D:7)
  3 howler monkeys (D:7)
  3 centaur zombies
  2 hounds (D:6)
  A bullfrog skeleton (D:6)
  2 jellies (D:5)
  4 orc priests
  A gnoll shaman (D:5)
  Ijyb (D:3)
  An iguana (D:6)
  An orc wizard (D:8)
  A killer bee zombie (D:6)
  4 adders
  14 gnolls
  A howler monkey skeleton (D:5)
  A white imp (D:6)
  An ufetubus (D:7)
  An adder skeleton (D:4)
  A worm (D:2)
  A dart slug (D:2)
  13 orcs
  5 bats
  7 endoplasms
  A giant cockroach (D:1)
  6 hobgoblins
  2 quokkas
  8 ball pythons
  4 frilled lizards
  7 goblins
  7 kobolds
  6 rats
163 creatures vanquished.

Vanquished Creatures (collateral kills)
  3 foxfires
3 creatures vanquished.

Vanquished Creatures (others)
  3 bushes (D:7)
  507 foxfires
  9 fungi
  11 plants
530 creatures vanquished.

Grand Total: 696 creatures vanquished

Notes
Turn   | Place    | Note
-------+----------+-------------------------------------------
     0 | D:1      | unlimited1921 the Djinni Fire Elementalist began the quest
                  | for the Orb.
     0 | D:1      | Reached XP level 1. HP: 15/15 MP: 0/0
  1028 | D:1      | Reached XP level 2. HP: 18/22 MP: 0/0
  2020 | D:1      | Reached skill level 3 in Spellcasting
  2299 | D:1      | Reached XP level 3. HP: 24/26 MP: 0/0
  2299 | D:1      | Learned a level 1 spell: Sandblast
  2488 | D:1      | Found a faded altar of an unknown god.
  3806 | D:2      | Found a hazy altar of Hepliaklqana.
  4209 | D:2      | Reached XP level 4. HP: 29/31 MP: 0/0
  4595 | D:3      | Noticed Ijyb
  4601 | D:3      | Killed Ijyb
  4602 | D:3      | Reached skill level 1 in Fighting
  5445 | D:3      | Found Ifumin's Jewellery Shoppe.
  5471 | D:3      | Identified the +0 leather armour "Trusted Companion" {rElec
                  | Dex+4}
  5611 | D:3      | Found a runed translucent door.
  5621 | D:3      | Noticed fknight's ghost (amateur HOMo)
  5726 | D:4      | Found a shadowy altar of Dithmenos.
  5955 | D:4      | Reached XP level 5. HP: 33/37 MP: 0/0
  5955 | D:4      | Learned a level 2 spell: Blink
  6167 | D:4      | Noticed Grinder
  6189 | D:4      | Paralysed by something for 7 turns
  6198 | D:4      | Killed Grinder
  6199 | D:4      | Reached skill level 4 in Spellcasting
  6199 | D:4      | Reached XP level 6. HP: 15/45 MP: 0/0
  6790 | D:4      | Noticed a necrophage
  6797 | D:4      | Killed a necrophage
  6798 | D:4      | Reached skill level 1 in Armour
  6798 | D:4      | Reached XP level 7. HP: 37/49 MP: 0/0
  6798 | D:4      | Learned a level 3 spell: Swiftness
  7057 | D:4      | Reached skill level 5 in Spellcasting
  7470 | D:5      | Entered Level 5 of the Dungeon
  7511 | D:5      | Noticed a yak
  7515 | D:5      | Noticed a yak
  7517 | D:5      | Killed a yak
  7517 | D:5      | Noticed a yak
  7536 | D:4      | Killed a yak
  7537 | D:4      | Reached XP level 8. HP: 27/57 MP: 0/0
  7831 | D:4      | Killed a yak
  8167 | D:5      | Found a staircase to the Ecumenical Temple.
  8197 | D:5      | Reached skill level 6 in Spellcasting
  8523 | Temple   | Entered the Ecumenical Temple
  8548 | Temple   | Became a worshipper of Gozag Ym Sagoz the Greedy
  9194 | D:6      | Reached XP level 9. HP: 40/63 MP: 0/0
  9194 | D:6      | Learned a level 3 spell: Portal Projectile
  9268 | D:6      | Reached skill level 7 in Spellcasting
  9623 | D:6      | Reached skill level 5 in Fighting
 10043 | D:6      | Found a sacrificial altar of Ru.
 10529 | D:3      | Killed fknight's ghost
 11077 | D:7      | Noticed Pikel
 11086 | D:7      | Killed Pikel
 11087 | D:7      | Reached skill level 8 in Spellcasting
 11228 | D:7      | Found a transporter.
 11231 | D:7      | Found a transporter.
 11231 | D:7      | Noticed JumboJumbo's ghost (novice MiFi)
 11254 | D:7      | Reached XP level 10. HP: 53/72 MP: 0/0
 11370 | D:7      | Noticed Prince Ribbit
 11376 | D:7      | Killed Prince Ribbit
 11800 | D:7      | Reached skill level 9 in Spellcasting
 12480 | D:7      | Found a stormy altar of Qazlal.
 12480 | D:7      | Found a blossoming altar of Fedhas.
 12714 | D:8      | Noticed an orange crystal statue
 15067 | D:8      | Reached skill level 1 in Axes
 15465 | D:8      | Noticed a white ugly thing
 15473 | D:8      | Killed a white ugly thing
 16120 | D:8      | Found Teubliuc's Weapon Boutique.
 17048 | D:8      | Reached XP level 11. HP: 44/78 MP: 0/0
 17048 | D:8      | Learned a level 4 spell: Cause Fear
 17741 | D:9      | Noticed a brown ugly thing
 17754 | D:8      | Killed a brown ugly thing
 17755 | D:8      | Reached skill level 10 in Spellcasting
 18366 | D:9      | Noticed a catoblepas
 18656 | D:8      | Killed themself with a badly aimed iceblast

Illustrated notes

Levels and vault maps discovered:
D:1:      dpeg_arrival_subterranean_lakeside_camping, layout_basic,
          shapermc_ecumenical_altar_mp_ritualfount
D:2:      layout_basic, basic_altar
D:3:      layout_rooms, ebering_ghost_reflecting_pool, serial_shops,
          nicolae_shop_statue_plus, minmay_misc_feat_square,
          chequers_serial_rivers_small_b, uniq_ijyb
D:4:      nicolae_cairo_tiling_large, layout_basic, lemuel_round_altar,
          hex_tiny, hangedman_decor_riveting, uniq_grinder
D:5:      layout_rooms, minmay_temple_entry_mist
D:6:      layout_basic, nicolae_ru_great_annihilating_truth,
          hangedman_abyss_or_decor_passed
D:7:      layout_basic, grunt_temple_overflow_forces_of_nature,
          gammafunk_ghost_smash, uniq_pikel, uniq_prince_ribbit1
D:8:      minmay_separated_statues, layout_basic,
          nicolae_sif_muna_little_library, serial_shops, shop,
          minmay_misc_feat_enclosed
D:9:      layout_rooms, kennysheep_mini_moat, kb_rosetta
Temple:   nicolae_temple_hex_pool

Skill      XL: |  1  2  3  4  5  6  7  8  9 10 11 |
---------------+----------------------------------+-----
Spellcasting   | 3 4 5 6 8 9 10 | 10.0
Stealth        | 2 3 4 |  4.0
Fighting       | 1 2 3 4 5 6 7 |  7.1
Armour         | 1 2 3 4 |  4.2
Axes           | 2 |  2.9
Throwing       | |  0.5
Dodging        | |  2.7

Action                   |  1- 3 |  4- 6 |  7- 9 | 10-12 || total
-------------------------+-------+-------+-------+-------++-------
Melee: Short sword       |    31 |       |       |       ||    31
       War axe           |       |       |       |    29 ||    29
       Punch             |       |       |       |     1 ||     1
Throw: Javelin           |       |       |       |     4 ||     4
 Cast: Foxfire           |    88 |    55 |    80 |    98 ||   321
       Scorch            |     7 |     8 |    29 |    47 ||    91
       Inner Flame       |       |     3 |    45 |    35 ||    83
       Sandblast         |       |     1 |     2 |       ||     3
       Blink             |       |       |     4 |     2 ||     6
       Swiftness         |       |       |     2 |       ||     2
       Portal Projectile |       |       |     1 |     1 ||     2
       Cause Fear        |       |       |       |     2 ||     2
       Conjure Flame     |       |       |       |     1 ||     1
Evoke: Wand              |       |       |       |     2 ||     2
  Use: Scroll            |       |       |       |     5 ||     5
       Potion            |       |       |       |     1 ||     1
Armor: Robe              |     1 |     1 |       |       ||     2
       Leather armour    |       |       |     8 |    19 ||    27
Dodge: Dodged            |    10 |     3 |    17 |    66 ||    96
